 Dungeon Crawl Stone Soup version 0.31-a0-726-g3c93526463 (webtiles) character file.

Game seed: 4838620212074863602

107 Descartes the Ducker (level 4, 19/19 HPs)
             Began as a Felid Shapeshifter on Sept 11, 2023.
             Got out of the dungeon alive.
             The game lasted 00:04:39 (2290 turns).

Descartes the Ducker (Felid Shapeshifter)           Turns: 2290, Time: 00:04:39

Health: 19/19      AC:  1    Str: 12    XL:     4   Next: 57%
Magic:  5/5        EV: 18    Int: 11    God:
Gold:   125        SH:  0    Dex: 15    Spells: 3/3 levels left
                                        Lives:  0   Deaths: 2

rFire   . .          .
                       - Unarmed
rCold   . . .        (shield unavailable)
rNeg    . . .        (body armour unavailable)
rPois   .            (helmet unavailable)
rElec   .            (cloak unavailable)
rCorr   .            (gloves unavailable)
SInv    +            (boots unavailable)
Will    .....        (no amulet)
Stlth   ++           (no ring)
HPRegen 0.23/turn    (no ring)
MPRegen 0.09/turn

%: no passive effects
@: beast-form, quick
A: beast (slay +2), very small, claws 1, fangs 3, see invisible, speed 1, shaggy
fur 1, stealthy paws, no weapons or thrown items, no armour, multi-lived
a: Begin Untransformation


You escaped.
You were a hulking beast.
You visited 1 branch of the dungeon, and saw 4 of its levels.

You collected 125 gold pieces.

Inventory:

Jewellery
 i - a ring of positive energy
 o - a +6 ring of intelligence
Talismans
 b - a beast talisman (active)
 c - a flux talisman
 m - a flux talisman
Wands
 q - a wand of paralysis (4)
Scrolls
 e - a scroll of teleportation {unknown}
 g - a scroll of poison {unknown}
 l - a scroll of revelation {unknown}
 n - a scroll of enchant weapon {unknown}
 p - 2 scrolls of fear {unknown}
Potions
 a - a potion of lignification
 d - 2 potions of heal wounds {unknown}
 f - a potion of ambrosia {unknown}
 h - 2 potions of degeneration {unknown}
 j - a potion of might {unknown}
 k - a potion of curing {unknown}


   Skills:
 + Level 2.2 Fighting
 + Level 4.0 Dodging
 * Level 0.5 Stealth
 + Level 3.6 Unarmed Combat
 + Level 3.9 Shapeshifting


You had 3 spell levels left.
You didn't know any spells.
Your spell library was empty.

Dungeon Overview and Level Annotations

Branches:
Dungeon (4/15)
 Temple: D:4-7

Altars:
Fedhas
Vehumet

Annotations:
D:3 exclusion: statue


Innate Abilities, Weirdness & Mutations

You are a hulking beast.
Your limbs bulge with bestial killing power. (Slay +2)
You have sharp claws.
You have razor-sharp teeth.
You have supernaturally acute eyesight. (SInv)
You cover ground quickly. (Speed+)
You are covered in fur. (AC +1)
Your paws help you pounce on unaware monsters.
You are incapable of wielding weapons or throwing items.
You cannot wear armour.
You gain extra lives every three experience levels.


Message History

You hear a bark!
The gnoll bouda barks out a call to the hunt!
The gnolls pick up the pace!
The gnoll misses you.
An adder comes into view.
The gnoll attacks as it pursues you! The gnoll closely misses you.
There is a stone staircase leading up here.
The gnoll misses you. x2
You climb upwards.
Level annotation: exclusion: statue
There is a stone staircase leading down here.
You barely miss the gnoll.
The gnoll is lightly wounded.
The gnoll barely misses you. The gnoll hits you with a +0 club!
You scratch the gnoll.
The gnoll is heavily wounded.
The gnoll barely misses you. The gnoll closely misses you.
You scratch the gnoll. Your bite misses the gnoll.
The gnoll is moderately wounded.
The gnoll closely misses you. The gnoll hits you with a +0 club!
* * * LOW HITPOINT WARNING * * *
You scratch the gnoll.
The gnoll is heavily wounded.
The gnoll barely misses you. The gnoll closely misses you.
Unknown command.
You scratch the gnoll but do no damage.
The gnoll is heavily wounded.
The gnoll misses you. The gnoll hits you with a +0 club.
You die...
Your shape twists and changes as you die.
You rejoin the land of the living...
There is a stone staircase leading up here.
A gnoll is nearby!
You climb upwards.
There is a stone staircase leading down here.
There is an open door here.
There is an escape hatch in the ceiling here.
A mysterious force pulls you upwards. The hatch slams shut behind you.
There is a staircase leading out of the dungeon here.
You have escaped!

≈≈≈≈≈§≈≈≈≈..# #.#.#
§§≈≈≈≈≈≈≈≈...## #.#)#
§§§≈≈≈≈≈≈.....## #.#.#
§§§≈≈§≈≈≈≈......###'#.#
#§≈§§§≈≈§≈≈.[..........#####
#§§§§≈≈≈§§≈............#...#
#§≈≈≈§§§§§≈............#...#
#§≈≈≈§§§≈≈..##.........#...###
#≈§§≈≈≈≈§...#h.####...........
#≈.≈≈≈§§§......#..............
#≈≈.≈.§...######..............
#≈......§§.###................
###..###.......#........).....
##...#....[>................
#............###...........
#....).......###...........
#................##+#......


There were no monsters in sight!

Vanquished Creatures
  Robin (D:1)
  2 adders (D:2)
  3 dart slugs
  4 endoplasms
  2 giant cockroaches
  10 hobgoblins
  8 kobolds
  3 quokkas (D:1)
  9 ball pythons
  8 bats
  2 frilled lizards
  11 goblins
  5 rats
68 creatures vanquished.

Notes
Turn   | Place    | Note
-------+----------+-------------------------------------------
     0 | D:1      | Descartes the Felid Shapeshifter began the quest for the
                  | Orb.
     0 | D:1      | Reached XP level 1. HP: 9/9 MP: 2/2
    37 | D:1      | Reached skill level 3 in Dodging
    63 | D:1      | Reached XP level 2. HP: 12/12 MP: 3/3
    70 | D:1      | Slain by a kobold
   391 | D:1      | Reached XP level 3. HP: 11/15 MP: 4/4
   936 | D:2      | Noticed Robin
  1042 | D:1      | Killed Robin
  1043 | D:1      | Reached XP level 4. HP: 17/18 MP: 5/5
  1058 | D:1      | Found a blossoming altar of Fedhas.
  1343 | D:2      | Reached skill level 4 in Dodging
  1985 | D:3      | Found a radiant altar of Vehumet.
  1985 | D:3      | Noticed a frost-covered statue
  2247 | D:3      | Slain by a gnoll
  2290 | D:$      | Got out of the dungeon alive.

Illustrated notes

Levels and vault maps discovered:
D:1:      dpeg_arrival_lava_altar, layout_basic
D:2:      layout_basic, uniq_robin
D:3:      layout_loops_cross, vehumet_statue
D:4:      layout_cave_pools, grunt_decor_arrowhead

Skill      XL: |  1  2  3  4 |
---------------+-------------+-----
Dodging        | 3 4 |  4.0
Fighting       | 2 |  2.2
Stealth        | |  0.5
Unarmed Combat | |  3.6
Shapeshifting  | |  3.9

Action                     |  1- 3 |  4- 6 || total
---------------------------+-------+-------++-------
  Melee: Unarmed           |   108 |    60 ||   168
         Bite              |    10 |     5 ||    15
   Stab: Sleeping          |     4 |     1 ||     5
 Armour: Skin              |    31 |    14 ||    45
  Dodge: Dodged            |   105 |    47 ||   152

Table legend: (Time is in decaauts)
 A = Elapsed time spent in this place.
 B = Non-inter-level travel time spent in this place.
 C = Inter-level travel time spent in this place.
 D = Time resting spent in this place.
 E = Time spent auto-exploring this place.
 F = Levels seen in this place.
 G = Mean time per level.
                   A        B        C        D        E       F      G
               +--------+--------+--------+--------+--------+-----+--------+
         Total |   1929 |   1832 |     97 |      0 |   1441 |   4 |  482.2 |
       Dungeon |   1929 |   1832 |     97 |      0 |   1441 |   4 |  482.2 |
               +--------+--------+--------+--------+--------+-----+--------+

Top non-repeatable levels by time:
     D:2: 795 daAuts
     D:1: 595 daAuts
     D:3: 533 daAuts
     D:4: 5 daAuts
